 Dungeon Crawl Stone Soup version 0.21.1-1-g345015fe64 (webtiles) character file.

28686 Niner the Basher (level 13, -1/119 HPs)
             Began as a Minotaur Berserker on July 6, 2018.
             Was an Elder of Trog.
             Slain by a ten-headed hydra (14 damage)
             ... on level 2 of the Lair of Beasts.
             The game lasted 00:51:01 (14441 turns).

Niner the Basher (Minotaur Berserker)              Turns: 14441, Time: 00:51:03

Health: -1/119     AC: 20    Str: 29    XL:     13   Next: 11%
Magic:  1/1        EV: 19    Int: 11    God:    Trog [****..]
Gold:   661        SH:  7    Dex: 17    Spells: 12/12 levels left

rFire    + + .     SeeInvis .   l - +10 war axe of Vanity {antimagic, rF+ Str+2 Int+7}
rCold    . . .     Gourm    +   b - +1 buckler
rNeg     + . .     Faith    .   m - +6 ring mail of Untruth {rElec rN+ MP-9 Dex+7}
rPois    .         Spirit   .   (helmet restricted)
rElec    +         Reflect  .   x - +2 cloak {+Inv}
rCorr    .         Harm     .   v - +0 pair of gloves
MR       +....                  w - +0 pair of boots
Stlth    +.........             K - amulet of the gourmand
HPRegen  0.29/turn              G - ring of protection from magic
MPRegen  0.07/turn              a - ring of protection from fire

@: about to teleport
A: retaliatory headbutt, horns 2
a: Berserk, Trog's Hand, Brothers in Arms, Burn Spellbooks, Renounce Religion,
Evoke Invisibility


You were on level 2 of the Lair of Beasts.
You worshipped Trog.
Trog was greatly pleased with you.
You were not hungry.

You visited 2 branches of the dungeon, and saw 15 of its levels.
You also visited: Ossuary.

You collected 766 gold pieces.
You spent 105 gold pieces at shops.

Inventory:

Hand Weapons
 l - the +10 war axe of Vanity (weapon) {antimagic, rF+ Str+2 Int+7}
   (You found it on level 12 of the Dungeon)

   It reduces the magical energy of the wielder, and disrupts the spells and
   magical abilities of those hit.
   Natural abilities and divine invocations are not affected.
   It affects your strength (+2).
   It affects your intelligence (+7).
   It protects you from fire.
 n - a +3 mace of freezing
Armour
 b - a +1 buckler (worn)
 m - the +6 ring mail of Untruth (worn) {rElec rN+ MP-9 Dex+7}
   (You found it on level 11 of the Dungeon)

   It affects your dexterity (+7).
   It insulates you from electricity.
   It protects you from negative energy.
   It affects your magic capacity (-9).
 v - a +0 pair of gloves (worn)
 w - a +0 pair of boots (worn)
 x - a +2 cloak of invisibility (worn)
Jewellery
 a - a ring of protection from fire (right hand)
 r - an uncursed ring of flight
 G - a ring of protection from magic (left hand)
 K - an amulet of the gourmand (around neck)
Wands
 e - a wand of random effects (117)
 u - a wand of disintegration (7)
 y - a wand of flame (1)
 C - a wand of digging (19)
 J - a wand of iceblast (6)
Scrolls
 d - 2 scrolls of fear
 g - a scroll of holy word
 o - 3 scrolls of magic mapping
 p - 4 scrolls of teleportation
 A - a scroll of blinking
 F - 2 scrolls of remove curse
 H - 3 scrolls of fog
 I - 3 scrolls of enchant weapon
 L - a scroll of identify
Potions
 f - 7 potions of curing
 h - 3 potions of brilliance {unknown}
 i - a potion of agility {unknown}
 j - 3 potions of haste
 k - 3 potions of cancellation {unknown}
 q - 3 potions of degeneration {unknown}
 s - a potion of flight {unknown}
 t - 2 potions of magic {unknown}
 z - 3 potions of heal wounds {unknown}
 B - 3 potions of resistance {unknown}
 D - 3 potions of berserk rage {unknown}
 E - 2 potions of ambrosia {unknown}
Comestibles
 c - 32 rations


   Skills:
 - Level 12.5 Fighting
 + Level 4.6(10.2) Axes
 - Level 13.7(14.0) Maces & Flails
 - Level 12.2 Armour
 - Level 11.4 Dodging
 - Level 7.8 Shields


You had 12 spell levels left.
You didn't know any spells.

Dungeon Overview and Level Annotations

Branches:
Dungeon (12/15)            Temple (0/1) D:6            Lair (3/6) D:9
 Shoals (0/4) Lair:2       Spider (0/4) Lair:2          Orc (0/2) D:10

Altars:
Ashenzari
Cheibriados
Elyvilon
Fedhas
Makhleb
Nemelex Xobeh
Okawaru
Qazlal
Sif Muna
Uskayaw
Vehumet
The Shining One

Shops:
D:4 ?

Annotations:
D:6 1 runed door


Innate Abilities, Weirdness & Mutations

You reflexively headbutt those who attack you in melee.
You have a pair of horns on your head.


Message History

The ten-headed hydra bites you. The ten-headed hydra misses you.
You block the ten-headed hydra's attack.
The ten-headed hydra bites you.
The ten-headed hydra bites you but does no damage. x3
You block the ten-headed hydra's attack.
The ten-headed hydra bites you but does no damage.
The ten-headed hydra barely misses you. The spiny frog stings you!!
The spiny frog barely misses you. You furiously retaliate!
You headbutt the spiny frog! The spiny frog completely misses you.
The ten-headed hydra misses you. The ten-headed hydra bites you.
The ten-headed hydra completely misses you.
The ten-headed hydra bites you but does no damage.
The ten-headed hydra closely misses you.
The ten-headed hydra bites you!
* * * LOW HITPOINT WARNING * * *
The ten-headed hydra bites you!
* * * LOW HITPOINT WARNING * * *
The ten-headed hydra completely misses you.
The ten-headed hydra bites you!
You die...

##### #### ### #P#.###..# #.#####
####.........
##...P#########..'...#.P.#.
########.>........##..##.#.P.....
#.#P##..+........#....##.#.P.P...
........#........+..#.##.....#...
#.#..###........@F######..#......
#####.###.......DP# #P....#.....
#####.........# ##..####.PP.
#.######.### ##......... ###
##..# ###'##.#.P #P..##
##..###### #....# #P...# #####
#####.P.## ###.####
.##P#####.PP.+P### ####.#+##.##


You could see a ten-headed hydra and a spiny frog.

Vanquished Creatures
  Fannar (Lair:2)
  A hydra (Lair:2)
  5 two-headed ogres
  5 death yaks (D:9)
  The ghost of smop the Cleaver, a novice DsGl of Makhleb (D:7)
  2 unseen horrors (D:10)
  An ugly thing (D:11)
  The ghost of Bapho the Ducker, a novice DEVM (D:6)
  2 spiny frogs (Lair:2)
  2 gargoyles
  2 komodo dragons
  3 trolls
  The ghost of Worldyogurt the Skirmisher, an amateur DsFi of Makhleb (D:4)
  3 jumping spiders (Lair:2)
  2 hornets (D:8)
  5 slime creatures
  3 blink frogs (Lair:1)
  4 hippogriffs
  Sigmund (D:3)
  A vampire (D:11)
  A wraith (D:12)
  10 yaks
  A wyvern (D:12)
  2 vampire mosquitoes (D:12)
  Menkaure (D:4)
  4 hungry ghosts
  A soldier ant (D:8)
  3 water moccasins
  Duvessa (D:7)
  A porcupine (Lair:2)
  3 ice beasts
  An orc warrior (D:9)
  2 sky beasts
  5 ogres
  A black bear (D:8)
  An eye of draining (D:9)
  3 phantoms
  2 centaurs (D:6)
  5 wolves (Lair:2)
  A crocodile (Lair:2)
  The ghost of JarielCorvus the Magician, an amateur DEFE (D:3)
  2 big kobolds
  7 bullfrogs
  Dowan (D:7)
  4 water moccasin zombies (Ossuary)
  3 scorpions
  2 water moccasin skeletons
  7 wights
  6 killer bees (D:9)
  2 howler monkeys
  3 crimson imps
  A centaur zombie (D:8)
  9 jellies
  2 hounds (D:8)
  A bullfrog skeleton (D:9)
  2 centaur skeletons
  2 orc priests (D:9)
  8 orc wizards
  A gnoll shaman (D:6)
  4 iguanas
  9 worker ants
  A killer bee zombie (D:7)
  3 big kobold zombies (Ossuary)
  2 hound zombies
  A hound skeleton (D:5)
  2 mummies (Ossuary)
  A worker ant zombie (D:6)
  14 adders
  5 gnolls (D:6)
  6 oozes
  10 adder zombies
  2 adder skeletons
  3 worms
  2 dart slugs
  6 leopard geckos
  33 orcs
  6 giant cockroaches
  3 goblins
  4 hobgoblins
  12 jackals
  18 kobolds
  7 quokkas
  2 ball pythons
  5 bats
  2 frilled lizards
  3 gnoll zombies (Ossuary)
  4 hobgoblin zombies (Ossuary)
  2 kobold zombies (Ossuary)
  A leopard gecko skeleton (D:4)
  A leopard gecko zombie (D:8)
  4 orc zombies (Ossuary)
  A quokka skeleton (D:4)
  8 rats
  A fungus (Lair:2)
347 creatures vanquished.

Vanquished Creatures (collateral kills)
  A hydra (Lair:1)
  Harold (D:11)
  2 death yaks
  2 two-headed ogres
  Nergalle (Lair:2)
  An unseen horror (D:10)
  A cyclops (D:12)
  An ugly thing (D:11)
  4 yaks (D:9)
  A wolf (Lair:2)
  An ogre (D:11)
  An orc (D:12)
  A fungus (Lair:2)
18 creatures vanquished.

Vanquished Creatures (others)
  9 fungi (D:6)
  5 toadstools (D:6)
14 creatures vanquished.

Grand Total: 379 creatures vanquished

Notes
Turn   | Place    | Note
-------+----------+-------------------------------------------
     0 | D:1      | Niner the Minotaur Berserker began the quest for the Orb.
     0 | D:1      | Reached XP level 1. HP: 19/19 MP: 0/0
   124 | D:1      | Reached XP level 2. HP: 19/26 MP: 1/1
   835 | D:2      | Reached skill level 1 in Maces & Flails
   947 | D:2      | Reached XP level 3. HP: 31/31 MP: 2/2
  1202 | D:2      | Found a sparkling altar of Nemelex Xobeh.
  1423 | D:3      | Reached skill level 2 in Maces & Flails
  1496 | D:3      | Reached ** piety under Trog
  1496 | D:3      | Reached skill level 3 in Maces & Flails
  1501 | D:3      | Reached XP level 4. HP: 32/39 MP: 3/3
  1546 | D:3      | Reached skill level 4 in Maces & Flails
  1588 | D:3      | Noticed JarielCorvus's ghost (amateur DEFE)
  1593 | D:3      | Killed JarielCorvus's ghost
  1593 | D:3      | Reached skill level 5 in Maces & Flails
  1593 | D:3      | Reached XP level 5. HP: 45/45 MP: 4/4
  1855 | D:3      | Reached skill level 6 in Maces & Flails
  1939 | D:3      | Noticed Sigmund
  1950 | D:3      | Killed Sigmund
  1950 | D:3      | Reached skill level 7 in Maces & Flails
  1950 | D:3      | Reached XP level 6. HP: 49/51 MP: 5/5
  2333 | D:4      | Found Xien's Magic Scroll Emporium.
  2338 | D:4      | Bought a scroll of identify for 20 gold pieces
  2338 | D:4      | Bought a scroll of blinking for 75 gold pieces
  2338 | D:4      | Bought a scroll of noise for 10 gold pieces
  2391 | D:4      | Found a blossoming altar of Fedhas.
  2446 | D:4      | Found a glowing golden altar of the Shining One.
  2482 | D:4      | Reached skill level 8 in Maces & Flails
  2495 | D:4      | Found an iron altar of Okawaru.
  2495 | D:4      | Noticed Worldyogurt's ghost (amateur DsFi)
  2505 | D:4      | Killed Worldyogurt's ghost
  2505 | D:4      | Reached skill level 9 in Maces & Flails
  2505 | D:4      | Reached XP level 7. HP: 57/57 MP: 6/6
  2576 | D:4      | Reached *** piety under Trog
  2765 | D:4      | Noticed Menkaure
  2782 | D:4      | Killed Menkaure
  2847 | D:4      | Reached skill level 10 in Maces & Flails
  2950 | D:5      | Entered Level 5 of the Dungeon
  3176 | D:5      | Found a burning altar of Makhleb.
  3177 | D:5      | Found a radiant altar of Vehumet.
  3181 | D:5      | Reached XP level 8. HP: 64/64 MP: 7/7
  3820 | D:6      | Reached skill level 11 in Maces & Flails
  3842 | D:6      | Found a staircase to the Ecumenical Temple.
  3938 | D:6      | Found a sand-covered staircase.
  3942 | Ossuary  | Entered an ossuary
  4041 | Ossuary  | Reached skill level 12 in Maces & Flails
  4092 | Ossuary  | Reached **** piety under Trog
  4335 | D:6      | Noticed Bapho's ghost (novice DEVM)
  4420 | D:6      | Killed Bapho's ghost
  4420 | D:6      | Reached skill level 13 in Maces & Flails
  4420 | D:6      | Reached XP level 9. HP: 27/70 MP: 8/8
  4837 | D:6      | Reached skill level 1 in Shields
  5098 | D:6      | Found a runed door.
  5100 | D:6      | Found a glowing golden altar of the Shining One.
  5100 | D:6      | Noticed an angel
  5309 | D:7      | Noticed Duvessa
  5310 | D:7      | Noticed Dowan
  5316 | D:7      | Killed Duvessa
  5316 | D:7      | Reached skill level 5 in Fighting
  5322 | D:7      | Killed Dowan
  5428 | D:7      | Reached ***** piety under Trog
  5597 | D:7      | Noticed smop's ghost (novice DsGl)
  5623 | D:7      | Killed smop's ghost
  5623 | D:7      | Reached skill level 5 in Armour
  5623 | D:7      | Reached XP level 10. HP: 83/83 MP: 9/9
  5798 | D:7      | Found a snail-covered altar of Cheibriados.
  6224 | D:7      | Found a shattered altar of Ashenzari.
  6605 | D:8      | Found a white marble altar of Elyvilon.
  6646 | D:8      | Reached skill level 5 in Dodging
  6724 | D:8      | Noticed a two-headed ogre
  6736 | D:8      | Killed a two-headed ogre
  7206 | D:8      | Found a stormy altar of Qazlal.
  8075 | D:9      | Noticed a death yak
  8076 | D:9      | Noticed a death yak
  8076 | D:9      | Noticed a death yak
  8077 | D:9      | Noticed a death yak
  8080 | D:9      | Noticed a death yak
  8082 | D:9      | Noticed a death yak
  8084 | D:9      | Noticed a death yak
  8087 | D:9      | Noticed a two-headed ogre
  8090 | D:9      | Killed a death yak
  8099 | D:9      | Killed a death yak
  8099 | D:9      | Reached XP level 11. HP: 95/95 MP: 10/10
  8107 | D:9      | Killed a death yak
  8131 | D:9      | Killed a death yak
  8138 | D:9      | Killed a two-headed ogre
  8419 | D:9      | Found a staircase to the Lair.
  8436 | D:9      | Found a hide-covered altar of Uskayaw.
  8788 | D:9      | Noticed a two-headed ogre
  8812 | D:9      | Killed a two-headed ogre
  8878 | D:9      | Identified a scroll of acquirement
  9181 | D:9      | Killed a death yak
  9193 | D:9      | Killed a death yak
  9193 | D:9      | Reached skill level 10 in Fighting
  9225 | D:8      | Killed a death yak
  9691 | D:9      | Found a deep blue altar of Sif Muna.
  9709 | D:10     | Entered Level 10 of the Dungeon
  9744 | D:10     | Reached skill level 10 in Armour
  9778 | D:10     | Found a staircase to the Orcish Mines.
  9973 | D:10     | Got a pair of fine boots
  9984 | D:10     | Identified the cursed -6 pair of boots of the Sun {rPois Str+2 Dex+6} (You found it on level 10 of the Dungeon)
 10170 | D:10     | Noticed a two-headed ogre
 10177 | D:10     | Killed a two-headed ogre
 10221 | D:10     | Noticed a two-headed ogre
 10224 | D:10     | Killed a two-headed ogre
 10232 | D:10     | Killed an unseen horror
 10516 | D:10     | Killed an unseen horror
 10516 | D:10     | Reached XP level 12. HP: 71/108 MP: 11/11
 11417 | D:11     | Noticed Harold
 11424 | D:11     | Killed Harold
 11424 | D:11     | Reached skill level 10 in Dodging
 11453 | D:11     | Got a faintly glowing ring mail
 11464 | D:11     | Identified the +6 ring mail of Untruth {rElec rN+ MP-9 Dex+7} (You found it on level 11 of the Dungeon)
 11572 | D:11     | Reached skill level 5 in Shields
 12026 | D:12     | Got a scorched war axe
 12044 | D:12     | Noticed a two-headed ogre
 12050 | D:12     | Killed a two-headed ogre
 12623 | D:12     | Noticed a two-headed ogre
 12631 | D:12     | Killed a two-headed ogre
 12861 | Lair:1   | Entered Level 1 of the Lair of Beasts
 12864 | Lair:1   | Noticed a five-headed hydra
 12874 | Lair:1   | Killed a five-headed hydra
 13573 | Lair:2   | Noticed Nergalle
 13585 | Lair:2   | Killed Nergalle
 13729 | Lair:2   | Found a hole to the Spider Nest.
 13799 | Lair:2   | Received a gift from Trog
 13844 | Lair:2   | Noticed a five-headed hydra
 13848 | Lair:2   | Reached XP level 13. HP: 55/119 MP: 3/12
 13924 | Lair:2   | Noticed Fannar
 13938 | Lair:2   | Killed Fannar
 14028 | Lair:2   | Found a staircase to the Shoals.
 14128 | Lair:2   | Identified the +10 war axe of Vanity {antimagic, rF+ Str+2 Int+7} (You found it on level 12 of the Dungeon)
 14441 | Lair:2   | Slain by a ten-headed hydra

Skill      XL: |  1  2  3  4  5  6  7  8  9 10 11 12 |
---------------+-------------------------------------+-----
Axes           | 4 |  4.6
Maces & Flails | 1 3 5 7 9 10 13 | 13.7
Shields        | 4 7 |  7.8
Fighting       | 5 8 10 12 | 12.5
Armour         | 5 8 10 12 | 12.2
Dodging        | 4 7 9 11 | 11.4

Action                   |  1- 3 |  4- 6 |  7- 9 | 10-12 | 13-15 || total
-------------------------+-------+-------+-------+-------+-------++-------
Melee: Hand axe          |    26 |       |       |       |       ||    26
       Headbutt          |     8 |    22 |    73 |   168 |    11 ||   282
       Mace              |    34 |   117 |   360 |   650 |    31 ||  1192
       War axe           |       |       |       |       |     3 ||     3
Invok: Berserk           |       |     3 |     4 |     7 |     1 ||    15
       Brothers in Arms  |       |       |       |    11 |       ||    11
       Burn Spellbooks   |       |       |       |     2 |     1 ||     3
       Trog's Hand       |       |       |       |     2 |     1 ||     3
 Abil: Evoke Flight      |       |       |       |     1 |       ||     1
Evoke: Wand              |       |       |       |     3 |       ||     3
  Use: Scroll            |     5 |     1 |     1 |    22 |     2 ||    31
       Potion            |       |       |     1 |     2 |       ||     3
  Eat: Chunk             |       |     7 |    14 |    51 |     3 ||    75
       Ration            |       |       |       |     2 |       ||     2
Armor: Animal skin       |     5 |       |       |       |       ||     5
       Plate armour      |    38 |    71 |   160 |   183 |       ||   452
       Ring mail         |       |       |       |    42 |    26 ||    68
Dodge: Dodged            |    31 |    38 |    80 |   252 |    48 ||   449
Block: Buckler           |       |    11 |    25 |   100 |    15 ||   151
